 Dungeon Crawl Stone Soup version 0.31-a0-1363-g282adc679d (webtiles) character file.

Game seed: 17435670861904869071

340 deusexinfernus the Cudgeller (level 6, -3/40 HPs)
             Began as a Gargoyle Fighter on Dec 23, 2023.
             Was a Follower of Makhleb.
             Collided with a rock wall (16 damage)
             ... caused by a wretched star
             ... on level 1 of the Abyss.
             The game lasted 00:10:32 (2478 turns).

deusexinfernus the Cudgeller (Gargoyle Fighter)     Turns: 2478, Time: 00:10:33

Health: -3/40      AC: 12    Str: 20    XL:     6   Next: 56%
Magic:  4/4        EV:  9    Int:  4    God:    Makhleb [*.....]
Gold:   204        SH:  4    Dex: 11    Spells: 5/5 levels left

rFire   + . .        a - +0 flail
rCold   x . .        c - +0 buckler
rNeg    + . .        b - +0 scale mail
rPois   ∞            (no helmet)
rElec   +            j - +0 cloak
rCorr   +            (no gloves)
SInv    .            (no boots)
Will    .....        (no amulet) Stlth
                     (no ring)
HPRegen 0.26/turn    (no ring)
MPRegen 0.09/turn

%: no passive effects
@: resistant, hasted, very quick
A: sickness immunity, AC +4, negative energy resistance 1, electricity
resistance, torment resistance 1, petrification resistance, [deterioration 2],
[dopey 2], [low MP 2], [cold vulnerability 2], [inability to drink after injury
2], [persistent drain]
a: Renounce Religion


You were on level 1 of the Abyss.
You worshipped Makhleb.
Makhleb was aware of your devotion.
You visited 1 branch of the dungeon, and saw 4 of its levels.
You visited the Abyss 1 time.

You collected 204 gold pieces.

Inventory:

Hand Weapons
 a - a +0 flail (weapon)
 u - a +0 sling
   (You found it on level 1 of the Dungeon)
Missiles
 f - 22 stones
 p - 3 poisoned darts
Armour
 b - a +0 scale mail (worn)
 c - a +0 buckler (worn)
 j - a +0 cloak (worn)
   (You found it on level 1 of the Dungeon)
Jewellery
 m - a ring of wizardry
   (You found it on level 2 of the Dungeon)
Scrolls
 d - 2 scrolls of fear
Potions
 e - a potion of degeneration {!q}
 h - a potion of curing {@q1}
 l - a potion of lignification {!q}
 o - a potion of magic {unknown}


   Skills:
 + Level 5.2 Fighting
 * Level 5.6 Maces & Flails
 - Level 3.2 Armour
 - Level 3.2 Shields


You had 5 spell levels left.
You didn't know any spells.
Your spell library was empty.

Dungeon Overview and Level Annotations

Branches:
Dungeon (4/15)
 Temple: D:4-7

Altars:
Makhleb
Uskayaw
Xom


Innate Abilities, Weirdness & Mutations

You are immune to sickness and miasma.
Your stone body is resilient. (AC +4)
You are immune to poison.
You resist negative energy. (rN+)
You are resistant to electric shocks. (rElec)
You are resistant to unholy torment.
You are immune to petrification.
[Your body often deteriorates upon taking damage.]
[You are very dopey. (Int -4)]
[Your magical capacity is very low. (-20% MP)]
[You are very vulnerable to cold. (rC--)]
[You sometimes lose the ability to drink potions when taking damage.]
[Your health recovers twice as slowly from being drained.]


Message History

You feel strangely unstable.
You feel the power of the Abyss delaying your translocation!
The small abomination hits you but does no damage.
You block the small abomination's attack.
The large abomination attacks as it pursues you!
You block the large abomination's attack.
The small abomination attacks as it pursues you!
The small abomination hits you!
The small abomination hits you but does no damage.
The small abomination attacks as it pursues you!
You block the small abomination's attack.
The small abomination hits you!
* * * LOW HITPOINT WARNING * * *
You are suddenly pulled into a different region of the Abyss!
A wretched star comes into view.
The wretched star pulses with an eldritch light!
You feel yourself wasting away.
You feel your body start to fall apart.
The wretched star pulses with an eldritch light!
You occasionally lose the ability to drink potions when taking damage.
You lose the ability to drink potions when taking damage more often.
You feel vulnerable to cold. x2
A smoke demon comes into view.
The smoke demon roars!
The smoke demon gestures at you.
The ball of steam hits you but does no damage.
The wretched star pulses with an eldritch light!
You feel stupid. x2
You feel yourself speed up.
The wretched star pulses with an eldritch light!
You feel less energetic. x2
A small abomination comes into view.
The small abomination hits you but does no damage.
You hit the small abomination but do no damage.
The wretched star pulses with an eldritch light!
You begin to recover more slowly from draining effects.
The smoke demon gestures at you. Something smites you!
The small abomination hits you.
* * * LOW HITPOINT WARNING * * *
You feel much better.
The small abomination closely misses you.
You feel protected.
The small abomination closely misses you.
You hit the small abomination but do no damage.
The wretched star glows turbulently.
The lance of force hits you!!
Ouch! That really hurt!
* * * LOW HITPOINT WARNING * * *
You are knocked back by the lance of force.
You slam into the rock wall!
You die...

#... .#. ~ #..# ##~
..# ..~ # .. #.#
#.#. #.. #...#x###
#@# .## ##
##.#...####
#..##..* #.. .#
#...##..#... ###
#.......#. ...
#....##3..#.....
#.....#.#..##......
.###...#.# ......#
#..# #...#.#* .#


You could see a wretched star, a smoke demon and a small abomination.

Vanquished Creatures
  Sigmund (D:2)
  An orc priest (D:3)
  Terence (D:2)
  5 adders
  4 worms
  A dart slug (D:2)
  4 orcs (D:3)
  6 ball pythons
  3 bats
  6 endoplasms
  3 giant cockroaches
  3 goblins
  3 hobgoblins (D:2)
  4 jackals (D:1)
  A quokka (D:2)
  3 frilled lizards
  6 kobolds
  10 rats
65 creatures vanquished.

Notes
Turn   | Place    | Note
-------+----------+-------------------------------------------
     0 | D:1      | deusexinfernus the Gargoyle Fighter began the quest for the
                  | Orb.
     0 | D:1      | Reached XP level 1. HP: 14/14 MP: 1/1
   155 | D:1      | Reached XP level 2. HP: 19/19 MP: 2/2
   886 | D:2      | Reached XP level 3. HP: 23/24 MP: 3/3
   910 | D:2      | Noticed Sigmund
   923 | D:2      | Killed Sigmund
   924 | D:2      | Reached XP level 4. HP: 20/30 MP: 4/4
   924 | D:2      | Reached XP level 5. HP: 23/34 MP: 5/5
  1075 | D:2      | Found a shimmering altar of Xom.
  1096 | D:2      | Noticed Terence
  1104 | D:2      | Killed Terence
  1105 | D:2      | Reached skill level 5 in Maces & Flails
  1105 | D:2      | Reached XP level 6. HP: 40/40 MP: 6/6
  1178 | D:2      | Reached skill level 5 in Fighting
  1450 | D:3      | Found a faded altar of an unknown god.
  1456 | D:3      | Prayed at the altar of an unknown god.
  1456 | D:3      | Became a worshipper of Makhleb the Destroyer
  1456 | D:3      | Reached * piety under Makhleb
  1524 | D:3      | Found a hide-covered altar of Uskayaw.
  2332 | Abyss:1  | Cast into level 1 of the Abyss (gnoll)
  2372 | Abyss:1  | Noticed a large abomination
  2397 | Abyss:1  | Noticed a small abomination
  2438 | Abyss:1  | Noticed a wretched star
  2445 | Abyss:1  | Noticed a smoke demon
  2478 | Abyss:1  | Collided with a rock wall

Illustrated notes

Levels and vault maps discovered:
D:1:      roderic_crop_circles_arrival_small, layout_basic
D:2:      minmay_evil_eye, layout_basic, basic_altar, guppyfry_early_lair_pool,
          uniq_sigmund, uniq_terence
D:3:      minmay_chambers_of_twos, layout_loops_ring, overflow_temple_1_default,
          dreamdust_ecumenical_altar_statues
D:4:      layout_loops_ring, cheibrodos_sewer_entry_sluice
Abyss:1:  base: Sewer, evilmike_abyss_exit_chaos

Skill      XL: |  1  2  3  4  5  6 |
---------------+-------------------+-----
Maces & Flails | 3 4 5 |  5.6
Fighting       | 4 5 |  5.2
Armour         | |  3.2
Shields        | |  3.2

Action                     |  1- 3 |  4- 6 || total
---------------------------+-------+-------++-------
  Melee: Flail             |    73 |   127 ||   200
    Use: Potion            |     1 |     3 ||     4
         Scroll            |       |    12 ||    12
 Armour: Scale mail        |    45 |    96 ||   141
  Dodge: Dodged            |    35 |    51 ||    86
  Block: Buckler           |    12 |    17 ||    29

Table legend: (Time is in decaauts)
 A = Elapsed time spent in this place.
 B = Non-inter-level travel time spent in this place.
 C = Inter-level travel time spent in this place.
 D = Time resting spent in this place.
 E = Time spent auto-exploring this place.
 F = Levels seen in this place.
 G = Mean time per level.
                   A        B        C        D        E       F      G
               +--------+--------+--------+--------+--------+-----+--------+
         Total |   2516 |   2420 |     96 |     53 |   1671 |   5 |  503.2 |
       Dungeon |   2376 |   2280 |     96 |     53 |   1609 |   4 |  594.0 |
         Abyss |    139 |    139 |      0 |      0 |     62 |   1 |  139.0 |
               +--------+--------+--------+--------+--------+-----+--------+

Top non-repeatable levels by time:
     D:1: 894 daAuts
     D:3: 868 daAuts
     D:2: 579 daAuts
 Abyss:1: 139 daAuts
     D:4: 33 daAuts
